 Dungeon Crawl Stone Soup version 0.23.2-1-ga50397a6bc (webtiles) character file.

Game seed: 842304937433529404

36 Pocketmage the Skirmisher (level 3, -4/33 HPs)
             Began as a Ghoul Monk on Apr 29, 2019.
             Slain by a gnoll
             ... wielding a +0 spear
              (5 damage)
             ... on level 1 of the Dungeon.
             The game lasted 00:05:16 (1173 turns).

Pocketmage the Skirmisher (Ghoul Monk)              Turns: 1173, Time: 00:05:16

Health: -4/33      AC:  8    Str: 15    XL:     3   Next: 37%
Magic:  2/2        EV:  7    Int:  5    God:
Gold:   54         SH:  0    Dex: 11    Spells: 2/2 levels left

rFire    . . .     SeeInvis .   a - +0 hand axe
rCold    + . .     Gourm    .   (no shield)
rNeg     + + +     Faith    .   i - +0 chain mail
rPois    ∞         Spirit   .   (no helmet)
rElec    .         Reflect  .   (no cloak)
rCorr    .         Harm     .   (no gloves)
MR       .....                  (no boots)
Stlth    ..........             (no amulet)
HPRegen  0.00/turn              (no ring)
MPRegen  0.08/turn              (no ring)

@: rotting
A: rotting body, claws 1, carnivore, cold resistance 1, negative energy
resistance 3, inhibited regeneration, torment resistance, unbreathing
a: no special abilities


You were on level 1 of the Dungeon.
You were not hungry.

You visited 1 branch of the dungeon, and saw 2 of its levels.

You collected 54 gold pieces.

Inventory:

Hand Weapons
 a - a +0 hand axe (weapon)
 b - a +0 hunting sling of velocity
Missiles
 g - 60 stones (quivered)
Armour
 i - a +0 chain mail (worn)
Scrolls
 d - 2 scrolls of teleportation {unknown}
 e - 2 scrolls of identify {unknown}
 h - a scroll of amnesia {unknown}
Potions
 f - 2 potions of curing {unknown}
Comestibles
 c - 2 rations


   Skills:
 + Level 3.6 Fighting
 * Level 3.2 Axes
 + Level 1.0 Armour
 + Level 3.0 Dodging
 - Level 2.1 Stealth


You had 2 spell levels left.
You didn't know any spells.
Your spell library was empty.

Dungeon Overview and Level Annotations

Branches:
Dungeon (2/15)

Altars:
Trog


Innate Abilities, Weirdness & Mutations

Your body is rotting away.
You thrive on raw meat.
You are immune to poison.
You have sharp fingernails.
You are carnivorous and can eat meat at any time.
Your flesh is cold resistant. (rC+)
You are immune to negative energy. (rN+++)
You do not regenerate when monsters are visible.
You are immune to unholy pain and torment.
You can survive without breathing.


Message History

The gnoll completely misses you.
You hit the gnoll but do no damage.
The gnoll is almost dead.
You closely miss the gnoll. The gnoll hits you but does no damage.
The gnoll barely misses you.
You hit the gnoll.
The gnoll is almost dead.
Your chain mail prevents you from hitting the gnoll.
The gnoll hits you with a +0 spear.
* * * LOW HITPOINT WARNING * * *
The gnoll hits you with a +0 spear of venom.
* * * LOW HITPOINT WARNING * * *
Okay, then.
Your chain mail prevents you from hitting the gnoll.
The gnoll is almost dead.
You closely miss the gnoll.
The gnoll hits you but does no damage. x2
You closely miss the gnoll.
The gnoll is almost dead.
You closely miss the gnoll. The gnoll hits you with a +0 spear.
You die...

#########################
#.......................#
############.##########.#
#####.##########.#
#@gg..............
#g###.##########.# #.#
#..........#.# #)#
#..........#.# #####.#
#..........#[# #...#.#
#..........#.#
######...#.#
#..........###
#....'...'.#
#.############
#.####...#.#
#.............


You could see 2 gnolls and a hobgoblin.

Vanquished Creatures
  A dart slug (D:1)
  2 ball pythons (D:1)
  2 giant cockroaches (D:1)
  5 goblins (D:1)
  2 hobgoblins (D:1)
  4 jackals (D:1)
  2 bats
  4 frilled lizards
  6 kobolds (D:1)
  5 rats
33 creatures vanquished.

Notes
Turn   | Place    | Note
-------+----------+-------------------------------------------
     0 | D:1      | Pocketmage the Ghoul Monk began the quest for the Orb.
     0 | D:1      | Reached XP level 1. HP: 19/19 MP: 0/0
   111 | D:1      | Reached XP level 2. HP: 20/26 MP: 1/1
   432 | D:1      | Reached XP level 3. HP: 30/31 MP: 2/2
   656 | D:1      | You fall through a shaft!
   656 | D:2      | Found a bloodstained altar of Trog.
   701 | D:2      | Reached skill level 1 in Armour
  1171 | D:1      | HP: 1/33 [gnoll/+0 spear of venom (3)]
  1173 | D:1      | Slain by a gnoll

Skill      XL: |  1  2  3 |
---------------+----------+-----
Axes           | 3 |  3.2
Dodging        | 3 |  3.0
Armour         | 1 |  1.0
Fighting       | |  3.6
Stealth        | |  2.1

Action                   || total
-------------------------++-------
Melee: Hand axe          ||   151
 Stab: Sleeping          ||     3
  Eat: Chunk             ||     6
Armor: Leather armour    ||     6
       Robe              ||     1
       Chain mail        ||    73
Dodge: Dodged            ||    71
